Map: Abyssal Reef LE

Players

CinDra - Winner!

  • Race: Protoss Protoss
  • Spawn Location: 11:00

A.I. 1 (Medium)

  • Race: Zerg Zerg
  • Spawn Location: 5:00

VOD

Have the link to the VOD?

Description

Time

  • Played on: Jan. 22, 2018, 10:13 p.m.
  • Length: 12:44
Show
View Real Time Build Order
Export as new Build Order

CinDra Protoss - Winner!

Build Orders:  

Get SALT Encoding   

  12  0:01  Probe  
  13  0:13  Probe  
  14  0:20  Pylon  
  14  0:25  Probe  
  15  0:38  Probe  
  16  0:43  Gateway  
  16  0:50  Probe, Assimilator  
  17  1:02  Probe  
  18  1:14  Probe  
  19  1:27  Probe  
  19  1:30  Cybernetics Core  
  20  1:36  Zealot  
  20  1:39  Probe  
  23  1:43  Pylon  
  23  2:01  Probe  
  23  2:05  Nexus  
  24  2:10  Warp Gate (Chrono Boost)  
  24  2:18  Probe  
  25  2:26  Pylon  
  25  2:29  Adept  
  27  2:30  Probe  
  28  2:42  Probe, Assimilator  
  29  2:54  Probe  
  30  3:07  Probe  
  31  3:17  Adept  
  33  3:28  Probe x2  
  35  3:40  Probe x2  
  39  3:52  Probe x2  
  41  4:03  Pylon  
  41  4:07  Pylon  
  39  4:17  Probe x2  
  39  4:21  Gateway  
  39  4:23  Gateway  
  41  4:24  Adept  
  41  4:29  Probe x2  
  45  4:33  Robotics Facility  
  45  4:41  Probe x2  
  47  4:53  Adept  
  49  5:10  Gateway  
  49  5:11  Gateway  
  49  5:25  Adept x2  
  49  5:26  Adept  
  55  5:30  Observer (Chrono Boost)  
  56  5:42  Probe  
  57  5:43  Robotics Bay, Probe  
  58  5:50  Assimilator  
  58  5:52  Adept x3, Assimilator  
  58  5:54  Probe  
  58  5:55  Probe  
  66  6:12  Probe x2  
  68  6:45  Pylon  
  68  6:47  Pylon  
  68  6:53  Colossus  
  63  7:04  Adept x2  
  63  7:05  Adept x2  
  67  7:09  Adept  
  55  7:33  Adept x4  
  55  7:34  Adept  
  51  8:11  Stalker x5  
  61  8:20  Colossus  
  67  8:27  Pylon  
  67  8:31  Pylon  
  67  8:33  Pylon  
  67  8:41  Gateway x2  
  67  8:46  Gateway  
  67  8:48  Gateway  
  67  8:52  Stalker x2  
  67  8:53  Stalker x3  
  75  9:21  Stalker x2  
  75  9:22  Stalker x2  
  83  9:32  Colossus  
  89  9:39  Stalker x3  
  95  9:48  Stalker  
  95  9:49  Stalker x4  
  95  9:50  Stalker  
  107  10:06  Stalker  
  109  10:18  Pylon x2  
  109  10:20  Pylon  
  109  10:21  Pylon  
  99  11:42  Stalker x3  
  99  11:43  Stalker  
  99  11:44  Stalker  
  101  12:17  Stalker x2  
  101  12:18  Stalker  
  107  12:28  Stalker x2  
  107  12:29  Stalker x2  
  115  12:30  Stalker  
Show
View Real Time Build Order
Export as new Build Order

A.I. 1 (Medium) Zerg 

Build Orders: Pool First 

Get SALT Encoding   

  12  0:01  Drone  
  13  0:12  Overlord  
  13  0:17  Drone  
  14  0:31  Drone  
  14  0:33  Drone  
  16  0:42  Spawning Pool  
  15  0:45  Drone  
  15  0:49  Drone  
  17  0:52  Extractor  
  17  0:56  Drone  
  17  1:06  Overlord  
  17  1:31  Queen, Zergling x2  
  20  1:38  Drone, Roach Warren  
  20  1:44  Extractor  
  20  1:45  Zergling x2  
  20  1:49  Drone  
  21  2:00  Drone  
  22  2:10  Overlord  
  22  2:21  Roach  
  24  2:35  Roach  
  26  2:37  Overlord  
  26  2:49  Roach  
  28  3:00  Drone  
  28  3:02  Roach  
  28  3:04  Drone  
  32  3:12  Overlord  
  32  3:16  Roach  
  32  3:17  Drone  
  35  3:21  Drone  
  35  3:26  Drone  
  37  3:37  Drone  
  37  3:39  Baneling Nest  
  37  3:41  Roach  
  37  3:42  Drone  
  37  3:47  Evolution Chamber  
  39  3:49  Drone  
  39  3:55  Roach  
  42  4:09  Roach  
  44  6:09  Lair, Drone, Overlord  
  44  6:11  Spore Crawler  
  44  6:12  Spore Crawler, Drone  
  44  6:14  Evolution Chamber  
  44  6:15  Drone  
  44  6:17  Hatchery  
  44  6:18  Drone  
  44  6:27  Drone  
  44  6:28  Overlord  
  45  6:35  Drone, Spine Crawler  
  45  6:36  Spine Crawler  
  45  6:38  Drone  
  45  6:46  Zergling x2  
  42  7:06  Queen  
  42  7:07  Overseer x2  
  44  7:11  Hydralisk Den  
  44  7:15  Infestation Pit  
  40  7:18  Spire  
  40  7:20  Drone  
  40  7:30  Queen, Drone  
  40  7:33  Drone  
  40  7:36  Drone  
  45  7:38  Extractor  
  45  7:39  Drone  
  45  7:40  Hydralisk  
  45  7:41  Spore Crawler  
  45  7:42  Drone  
  45  7:43  Spore Crawler  
  46  7:44  Drone  
  46  7:46  Spore Crawler  
  46  7:47  Drone  
  46  7:50  Drone  
  44  7:53  Drone, Hydralisk  
  44  7:56  Drone  
  46  7:59  Drone  
  46  8:02  Drone  
  46  8:05  Drone  
  43  8:06  Roach  
  43  8:08  Drone  
  43  8:10  Drone  
  47  8:13  Drone  
  47  8:17  Drone  
  49  8:22  Drone, Spine Crawler  
  49  8:23  Roach  
  49  8:25  Drone  
  52  8:27  Drone  
  52  8:30  Drone  
  52  8:33  Drone  
  55  8:36  Hydralisk, Ravager  
  55  8:37  Drone  
  55  8:38  Spine Crawler  
  55  8:40  Drone  
  59  8:43  Drone  
  59  8:45  Drone  
  61  8:50  Drone  
  61  8:51  Hydralisk  
  61  8:53  Drone  
  61  8:54  Overlord  
  65  9:03  Overseer  
  65  9:05  Ravager  
  66  9:12  Overlord  
  66  9:13  Roach  
  68  9:25  Roach  
  70  10:06  Extractor, Drone  
  70  10:21  Corruptor  
  70  10:22  Hive, Overlord, Pneumatized Carapace  
  70  10:23  Zerg Ground Armor Level 1, Overlord, Overseer, Zerg Melee Weapons Level 1  
  70  10:28  Drone  
  72  10:31  Drone  
  72  10:34  Infestor  
  53  10:44  Hydralisk  
  51  10:52  Hydralisk  
  50  10:57  Drone  
  50  10:59  Hydralisk  
  50  11:00  Drone  
  49  11:07  Roach  
  49  11:08  Overlord  
  49  11:13  Hydralisk  
  43  11:21  Roach  
  35  11:27  Hydralisk  
  31  11:33  Queen  
  31  11:35  Roach  
  31  11:39  Ultralisk Cavern  
  30  11:42  Hydralisk  
  24  11:48  Drone, Overseer  
  24  11:50  Roach  
  24  11:51  Drone  
  28  11:54  Drone  
  28  11:56  Hydralisk  
  28  11:57  Hatchery  
  28  11:59  Drone  
  26  12:04  Roach  
  26  12:06  Spire  
  27  12:10  Hatchery  
  27  12:11  Zergling x2  
Tags
 
Matchup
PvZ
Opening
Pool First
Spawn Locations
Cross Positions
Add a new tag
Caveats
  • Supply blocks, unpowered buildings, or Contaminate may cause inaccurate times.
  • Supply counts are checked every 10 seconds.